 Dungeon Crawl Stone Soup version 0.21-a0-221-gfe971b9 (webtiles) character file.

29 4thArraOfDagon the Shooter (level 3, 0/23 HPs)
             Began as an Octopode Arcane Marksman on Aug 24, 2017.
             Slain by a worker ant (1 damage)
             ... on level 4 of the Dungeon.
             The game lasted 00:01:53 (424 turns).

4thArraOfDagon the Shooter (OpAM)                    Turns: 424, Time: 00:01:54

Health: 0/23       AC:  1    Str:  9    XL:     3   Next: 16%
Magic:  4/4        EV: 13    Int: 16    God:
Gold:   50         SH:  0    Dex: 12    Spells: 3/4 levels left

rFire    . . .     SeeInvis .   a - +0 shortbow
rCold    + . .     Gourm    .   (shield currently unavailable)
rNeg     . . .     Faith    .   (helmet restricted)
rPois    .         Spirit   .   (no amulet)
rElec    .         Reflect  .   i - ring of protection from cold (curse)
rCorr    .         Harm     .   (no ring)
MR       .....                  (no ring)
Stlth    ++........             (no ring)
HPRegen  0.07/turn              (no ring)
MPRegen  0.09/turn              (no ring)
                                (no ring)
                                (no ring)

@: lethally poisoned (0 -> -4)
A: almost no armour, stealthy swim, amphibious, 8 rings, constrict 8, camouflage
1, gelatinous body 1
a: no special abilities


You were on level 4 of the Dungeon.
You were not hungry.

You visited 1 branch of the dungeon, and saw 4 of its levels.

You collected 50 gold pieces.

Inventory:

Hand Weapons
 a - a +0 shortbow (weapon)
Missiles
 c - 26 arrows (quivered)
Jewellery
 i - a cursed ring of protection from cold (left tentacle)
Wands
 g - a wand of scattershot (6/9)
Scrolls
 b - a scroll of remove curse {unknown}
 f - a scroll of teleportation {unknown}
 h - a scroll of amnesia {unknown}
 k - a scroll of noise {unknown}
 l - a scroll of magic mapping {unknown}
 m - a scroll of identify {unknown}
Books
 e - a book of Debilitation

   Spells                             Type                      Level
   a - Corona                         Hexes                        1
   b - Slow                           Hexes                        2
   c - Inner Flame                    Hexes/Fire                   3
   d - Portal Projectile              Hexes/Translocation          3
   e - Cause Fear                     Hexes                        4
   f - Leda's Liquefaction            Hexes/Earth                  4
Comestibles
 d - a bread ration
 j - a meat ration


   Skills:
 - Level 1.0 Fighting
 * Level 3.5 Bows
 - Level 2.0 Dodging
 - Level 1.0 Spellcasting
 - Level 3.0 Hexes


You had 3 spell levels left.
You knew the following spells:

 Your Spells              Type           Power        Failure   Level  Hunger
a - Corona                Hex            ##.....      7%          1    ##.....


Dungeon Overview and Level Annotations

Branches:
Dungeon (4/15)
 Temple: D:4-7

Altars:


Innate Abilities, Weirdness & Mutations

You cannot wear most types of armour.
You are very stealthy in the water. (Stealth+)
You are amphibious.
You can wear up to eight rings at the same time.
You can use your tentacles to constrict eight enemies at once.
Your skin changes colour to match your surroundings (Stealth+).
Your rubbery body absorbs attacks. (AC +1, EV +1)


Message History

You shoot an arrow.
The arrow closely misses the worker ant.
The worker ant closely misses you.
Unknown command.
Firing (i - inventory):
c - 28 arrows (quivered)
Press: ? - help, Shift-Dir - straight line, f/p - worker ant
Aim: a worker ant (severely wounded)
You shoot an arrow. The arrow barely misses the worker ant.
The worker ant bites you.
* * * LOW HITPOINT WARNING * * *
Unknown command.
You aren't carrying any potions.
Firing (i - inventory):
c - 27 arrows (quivered)
Press: ? - help, Shift-Dir - straight line, f/p - worker ant
Aim: a worker ant (severely wounded)
You shoot an arrow. The arrow hits the worker ant.
The worker ant is almost dead.
* * * LOW HITPOINT WARNING * * *
You feel sick. The worker ant barely misses you. The worker ant bites you.
You die...

#...(..+ #......#
#...(..# #......#
#...(..# #......#
#...a..# #...@..#
#......# ..# #......#
#..
#......########.####
####...............+
#.####....<.....# #.#
#..........+
######.####.....^....#
#.........'......<...#


You could see a worker ant.

Vanquished Creatures
  An ooze (D:2)
  2 dart slugs
  4 bats
  3 goblins (D:2)
  4 hobgoblins
  4 kobolds
  A ball python (D:2)
  A rat (D:2)
20 creatures vanquished.

Notes
Turn   | Place    | Note
-------+----------+-------------------------------------------
     0 | D:1      | 4thArraOfDagon the Octopode Arcane Marksman began the quest for the Orb.
     0 | D:1      | Reached XP level 1. HP: 13/13 MP: 2/2
    49 | D:1      | Reached XP level 2. HP: 18/18 MP: 3/3
   210 | D:2      | Reached XP level 3. HP: 23/23 MP: 4/4
   424 | D:4      | HP: 1/23 [poisoned by a worker ant]
   424 | D:4      | Slain by a worker ant

Vault maps used:
D:1:      onia_arrival_mini_spirals
D:2:      kiku_gazebo_pond_becter, chequers_ecumenical_altar_grove
D:3:      first_bread, fedhas_altar_fruit_tree, uniq_ijyb
D:4:      minmay_temple_entry_statues

Skill      XL: |  1  2 |
---------------+-------+-----
Bows           | 3 |  3.5
Fighting       | |  1.0
Dodging        | |  2.0
Spellcasting   | |  1.0
Hexes          | |  3.0

Action                   || total
-------------------------++-------
 Fire: Shortbow          ||    79
Armor: Skin              ||     3
Dodge: Dodged            ||    31

Table legend:
 A = Spawn XP
 B = Non-spawn XP
 C = Spawn XP percentage of total XP
 D = Spawn monster count
 E = Non-spawn monster count
 F = Spawn count percentage of total count
 G = Total turns spent on level
                    A         B        C        D         E        F      G
               +---------+---------+-------+---------+---------+-------+---------
         Total |       1 |      41 |   2.4 |       1 |      19 |   5.0 |   424
               +---------+---------+-------+---------+---------+-------+---------
           D:1 |       0 |      11 |   0.0 |       0 |       5 |   0.0 |   100
           D:2 |       1 |      29 |   3.3 |       1 |      13 |   7.1 |   229
           D:3 |       0 |       1 |   0.0 |       0 |       1 |   0.0 |    53
               +---------+---------+-------+---------+---------+-------+---------
